 Dungeon Sprint DCSS version 0.30-a0-1155-gf8af5b4991 (webtiles) character file.

Game seed: 3390834594407985712

59 Jewman the Trooper (level 3, -1/32 HPs)
             Began as a Demonspawn Fighter on Apr 24, 2023.
             Slain by a hound (2 damage)
             ... in the Dungeon (Sprint IX: "|||||||||||||||||||||||||||||").
             The game lasted 00:00:15 (71 turns).

Jewman the Trooper (Demonspawn Fighter)               Turns: 71, Time: 00:00:15

Health: -1/32      AC:  7    Str: 18    XL:     3   Next: 78%
Magic:  0/3        EV:  9    Int:  9    God:
Gold:   0          SH:  5    Dex: 12    Spells: 2/2 levels left

rFire   . . .        a - +0 flail
rCold   . . .        c - +0 buckler
rNeg    . . .        b - +0 scale mail
rPois   .            (no helmet)
rElec   .            (no cloak)
rCorr   .            (no gloves)
SInv    .            (no boots)
Will    .....        (no amulet) Stlth
                     (no ring)
HPRegen 0.25/turn    (no ring)
MPRegen 0.16/turn

%: no teleportation, guardian spirit
@: no status effects
A: magic shield, magic regeneration
a: no special abilities


You were in the Dungeon.
You visited 1 branch

Inventory:

Hand Weapons
 a - a +0 flail (weapon)
Armour
 b - a +0 scale mail (worn)
 c - a +0 buckler (worn)
Scrolls
 j - a scroll of blinking
Potions
 d - a potion of might
 e - a potion of curing
 f - a potion of heal wounds
 g - a potion of haste
 h - 2 potions of magic
 i - a potion of berserk rage


   Skills:
 + Level 4.9 Fighting
 + Level 3.2 Maces & Flails
 + Level 4.4 Armour
 + Level 0.3 Dodging
 + Level 4.3 Shields


You had 2 spell levels left.
You didn't know any spells.
Your spell library was empty.

Dungeon Overview and Level Annotations

Branches:
Dungeon (1/1)

Altars:


Innate Abilities, Weirdness & Mutations

When hurt, damage is shared between your health and your magic reserves.
You regenerate magic rapidly.


Message History

You closely miss the phantom.
The phantom is severely damaged.
You block the phantom's attack.
You closely miss the phantom.
The phantom is severely damaged.
The phantom hits you but does no damage.
You completely miss the phantom.
The phantom is severely damaged.
The phantom barely misses you. The phantom hits you.
* * * LOW HITPOINT WARNING * * *
You closely miss the phantom.
The phantom is severely damaged.
The phantom hits you but does no damage.
You closely miss the phantom.
The phantom is severely damaged.
The phantom closely misses you.
You completely miss the phantom.
The phantom is severely damaged.
The phantom hits you but does no damage.
You barely miss the phantom.
The phantom is severely damaged.
The phantom hits you but does no damage.
You hit the phantom.
The phantom is almost destroyed.
The phantom hits you but does no damage.
The phantom closely misses you.
You miss the phantom.
The phantom is almost destroyed.
You block the phantom's attack.
You closely miss the phantom.
The phantom is almost destroyed.
The phantom hits you.
* * * LOW HITPOINT WARNING * * *
You closely miss the phantom.
The phantom is almost destroyed.
You block the phantom's attack.
You thump the phantom!
You destroy the phantom!
The hound bites you.
You die...

▓.▓
▓.▓
▓.▓
▓)▓
▓.▓
▓.▓
▓.▓
▓.▓
▓@▓
▓h▓
▓.▓
▓.▓
▓.▓
▓.▓
▓.▓
▓+▓


You could see a hound.

Vanquished Creatures
  A phantom (D)
  2 iguanas (D)
  An orc (D)
  An endoplasm (D)
  A kobold (D)
  A quokka (D)
  A bat (D)
  A frilled lizard (D)
9 creatures vanquished.

Notes
Turn   | Place    | Note
-------+----------+-------------------------------------------
     0 | D        | Jewman the Demonspawn Fighter began the quest for the Orb.
     0 | D        | Reached XP level 1. HP: 18/18 MP: 1/1
    33 | D        | Noticed an iguana
    33 | D        | Noticed an iguana
    33 | D        | Noticed a phantom
    33 | D        | Noticed a hound
    41 | D        | Killed an iguana
    42 | D        | Gained mutation: You regenerate magic rapidly. [demonic
                  | ancestry]
    42 | D        | Reached XP level 2. HP: 8/26 MP: 2/2
    42 | D        | Gained mutation: When hurt, damage is shared between your
                  | health and your magic reserves. [demonic ancestry]
    42 | D        | Reached XP level 3. HP: 10/31 MP: 3/3
    46 | D        | HP: 1/31 [iguana (7)]
    69 | D        | HP: 1/32 [phantom (3)]
    71 | D        | Killed a phantom
    71 | D        | Slain by a hound

Illustrated notes

Levels and vault maps discovered:
D:        linesprint [early_d, line_temple, items_1, d_10, items_2, lair_1,
          lair_end, items_3, orc_1, orc_end, items_4, d_15, swamp_1, shoals_1,
          snake_1, spider_1, d_20, vaults_1, items_5, swamp_end, shoals_end,
          snake_end, spider_end, vaults_end, d_27, items_6, zot_1, zot_end,
          crypt_end, forest_end, elf_end, slime_end, tomb_end, abyss_end,
          pan_hell_end]

Skill      XL: |  1  2  3 |
---------------+----------+-----
Armour         | 4 |  4.4
Shields        | 4 |  4.3
Maces & Flails | 2 3 |  3.2
Fighting       | 4 |  4.9
Dodging        | |  0.3

Action                     || total
---------------------------++-------
  Melee: Flail             ||    49
 Armour: Scale mail        ||    19
  Dodge: Dodged            ||    14
  Block: Buckler           ||    14

Table legend: (Time is in decaauts)
 A = Elapsed time spent in this place.
 B = Non-inter-level travel time spent in this place.
 C = Inter-level travel time spent in this place.
 D = Time resting spent in this place.
 E = Time spent auto-exploring this place.
 F = Levels seen in this place.
 G = Mean time per level.
                   A        B        C        D        E       F      G
               +--------+--------+--------+--------+--------+-----+--------+
         Total |     85 |     85 |      0 |      0 |     21 |   1 |   85.0 |
       Dungeon |     85 |     85 |      0 |      0 |     21 |   1 |   85.0 |
               +--------+--------+--------+--------+--------+-----+--------+

Top non-repeatable levels by time:
       D: 85 daAuts
